 Dungeon Crawl Stone Soup version 0.30-a0-916-g9813417 (webtiles) character file.

Game seed: 14824353507966749510

322 Nithhogg the Chopper (level 6, 0/55 HPs)
             Began as a Hill Orc Fighter on Mar 23, 2023.
             Slain by a steam dragon (3 damage)
             ... on level 4 of the Dungeon.
             The game lasted 00:08:29 (3332 turns).

Nithhogg the Chopper (Hill Orc Fighter)             Turns: 3332, Time: 00:08:30

Health: 0/55       AC: 11    Str: 21    XL:     6   Next: 47%
Magic:  8/8        EV:  9    Int:  8    God:
Gold:   199        SH:  0    Dex: 10    Spells: 5/5 levels left

rFire   + . .      SeeInvis .    a - +0 war axe
rCold   . . .      Faith    +    (no shield)
rNeg    . . .      Spirit   .    b - +0 scale mail
rPois   .          Reflect  .    d - +1 helmet
rElec   .          Rampage  .    h - +1 cloak
rCorr   .                        (no gloves)
Will    .....                    (no boots) Stlth
                                 i - amulet of faith
HPRegen 0.29/turn                g - ring of protection from fire
MPRegen 0.11/turn                (no ring)

@: no status effects
A: no striking features
a: no special abilities


You were on level 4 of the Dungeon.
You visited 1 branch of the dungeon, and saw 4 of its levels.

You collected 199 gold pieces.

Inventory:

Hand Weapons
 a - a +0 war axe (weapon)
 p - a +2 spear of flaming
Armour
 b - a +0 scale mail (worn)
 c - a +0 buckler
 d - a +1 helmet (worn)
 h - a +1 cloak (worn)
Jewellery
 g - a ring of protection from fire (left hand)
 i - an amulet of faith (around neck)
Scrolls
 j - a scroll of acquirement {unknown}
 l - 6 scrolls of identify
 n - a scroll of fear
 q - a scroll of vulnerability {unknown}
 s - a scroll of teleportation {unknown}
Potions
 e - a potion of heal wounds {unknown}
 f - 4 potions of curing
 k - a potion of haste {unknown}
 m - a potion of cancellation {unknown}
 o - a potion of brilliance {unknown}
 r - a potion of flight {unknown}
 t - a potion of attraction {unknown}


   Skills:
 + Level 4.9 Fighting
 * Level 6.0 Axes
 + Level 4.5 Armour
 - Level 3.2 Shields
 + Level 3.3 Invocations


You had 5 spell levels left.
You didn't know any spells.
Your spell library contained the following spells:

 Spells                   Type           Power      Damage    Failure   Level
 Apportation              Tloc           0%         N/A       75%         1
 Necrotise                Necr           0%         1d4       75%         1
 Summon Small Mammal      Summ           0%         N/A       75%         1
 Call Canine Familiar     Summ           0%         N/A       98%         3
 Summon Guardian Golem    Hex/Summ       0%         N/A       98%         3
 Chain Lightning          Conj/Air       0%         N/A       100%        9
 Fire Storm               Conj/Fire      0%         5d1       100%        9
 Shatter                  Erth           0%         3d5*      100%        9


Dungeon Overview and Level Annotations

Branches:
Dungeon (4/15)
 Temple: D:4-7

Altars:

Shops:
D:2 (


Message History

The ball of steam hits you. You resist. The steam dragon bites you!
The steam dragon claws you.
You hit the steam dragon.
The steam dragon is almost dead.
The endoplasm jiggles.
The steam dragon bites you. The steam dragon claws you.
You barely miss the steam dragon.
The steam dragon is almost dead.
The steam dragon bites you!
The steam dragon claws you but does no damage.
You hit the steam dragon but do no damage.
The steam dragon is almost dead.
The steam dragon barely misses you.
The steam dragon claws you but does no damage.
You barely miss the steam dragon.
The steam dragon is almost dead.
The steam dragon breathes steam at you. The ball of steam hits you. You resist.
You hit the steam dragon.
The steam dragon is almost dead.
The steam dragon bites you.
* * * LOW HITPOINT WARNING * * *
The steam dragon closely misses you. The steam dragon bites you!
* * * LOW HITPOINT WARNING * * *
The steam dragon claws you but does no damage.
You closely miss the steam dragon.
The steam dragon is almost dead.
The steam dragon bites you.
* * * LOW HITPOINT WARNING * * *
The steam dragon barely misses you.
It was a potion of curing.
You feel better. The steam dragon breathes steam at you.
The ball of steam hits you. You resist.
* * * LOW HITPOINT WARNING * * *
You hit the steam dragon but do no damage.
The steam dragon is almost dead.
The steam dragon bites you.
* * * LOW HITPOINT WARNING * * *
The steam dragon claws you.
You die...

..## #.....# ### ##....)#
#......###### ########
##......)....#####......##
#....§..####..............
........# ####....####...
.......§## ###### ##..
###..##.§## #.. ##. ##.@##
#.# #. ###D### #.#
#J..##### #.# ##†.....#
#.. #...#### ##. ##..## ##
##..## # #...# .J......##


You could see a steam dragon and an endoplasm.

Vanquished Creatures
  A hound (D:4)
  An orc priest (D:4)
  2 iguanas (D:4)
  2 orc wizards
  Robin (D:4)
  4 adders (D:2)
  A dart slug (D:3)
  8 orcs
  5 ball pythons
  6 bats
  6 endoplasms
  5 giant cockroaches
  14 hobgoblins
  4 quokkas
  3 frilled lizards
  25 goblins
  4 kobolds
  6 rats
98 creatures vanquished.

Vanquished Creatures (others)
  2 ball pythons (D:4)
2 creatures vanquished.

Grand Total: 100 creatures vanquished

Notes
Turn   | Place    | Note
-------+----------+-------------------------------------------
     0 | D:1      | Nithhogg the Hill Orc Fighter began the quest for the Orb.
     0 | D:1      | Reached XP level 1. HP: 19/19 MP: 1/1
    91 | D:1      | Reached skill level 3 in Axes
   148 | D:1      | Reached XP level 2. HP: 27/27 MP: 2/2
   214 | D:1      | Reached skill level 1 in Invocations
   621 | D:1      | Reached XP level 3. HP: 33/33 MP: 3/3
   779 | D:2      | Found Tuonytz's Weapon Shop.
   977 | D:2      | Reached skill level 4 in Axes
  1119 | D:2      | Reached XP level 4. HP: 40/40 MP: 5/5
  2277 | D:3      | Reached XP level 5. HP: 47/47 MP: 6/6
  2290 | D:3      | Reached skill level 5 in Axes
  2481 | D:4      | Reached XP level 6. HP: 19/53 MP: 8/8
  2905 | D:4      | Noticed Robin
  2925 | D:4      | Killed Robin
  3286 | D:4      | Reached skill level 6 in Axes
  3305 | D:4      | Noticed a steam dragon
  3332 | D:4      | Slain by a steam dragon

Illustrated notes

Levels and vault maps discovered:
D:1:      amcnicky_arrival_underground_garden, layout_basic, serial_glass,
          glass_columns_c, glass_columns_a, chequers_serial_rivers_micro_c
D:2:      layout_rooms, serial_shops, nicolae_shop_advertising_works
          [nicolae_subvault_shop_adworks]
D:3:      cheibrodos_greedy_goblins, layout_loops_corners, grunt_ministairs_13
D:4:      layout_layer_cave, uniq_robin

Skill      XL: |  1  2  3  4  5  6 |
---------------+-------------------+-----
Axes           | 3 4 5 6 |  6.0
Invocations    | 1 2 3 |  3.3
Fighting       | 4 |  4.9
Armour         | 4 |  4.5
Shields        | |  3.2

Action                     |  1- 3 |  4- 6 || total
---------------------------+-------+-------++-------
  Melee: War axe           |    79 |   156 ||   235
         Punch             |       |     2 ||     2
    Use: Scroll            |       |     3 ||     3
         Potion            |       |     2 ||     2
 Armour: Scale mail        |    56 |   107 ||   163
  Dodge: Dodged            |    38 |   103 ||   141

Table legend: (Time is in decaauts)
 A = Elapsed time spent in this place.
 B = Non-inter-level travel time spent in this place.
 C = Inter-level travel time spent in this place.
 D = Time resting spent in this place.
 E = Time spent auto-exploring this place.
 F = Levels seen in this place.
 G = Mean time per level.
                   A        B        C        D        E       F      G
               +--------+--------+--------+--------+--------+-----+--------+
         Total |   3395 |   3310 |     85 |     30 |   2709 |   4 |  848.8 |
       Dungeon |   3395 |   3310 |     85 |     30 |   2709 |   4 |  848.8 |
               +--------+--------+--------+--------+--------+-----+--------+

Top non-repeatable levels by time:
     D:3: 1181 daAuts
     D:4: 881 daAuts
     D:1: 792 daAuts
     D:2: 540 daAuts
